 Dungeon Crawl Stone Soup version 0.16-a0-3122-gccf308e (webtiles) character file.

77 myeffort the Ogre Mage (level 4, 0/39 HPs)
             Began as an Ogre Wizard on Dec 13, 2014.
             Was an Initiate of Okawaru.
             Succumbed to poison (a potion of poison)
             ... on level 3 of the Dungeon.
             The game lasted 00:07:34 (2195 turns).

myeffort the Ogre Mage (Ogre Wizard)                Turns: 2195, Time: 00:07:34

Health: 0/39       AC:  4    Str: 13    XL:     4   Next: 34%
Magic:  12/13      EV:  9    Int: 17    God:    Okawaru [......]
Gold:   118        SH:  0    Dex:  8    Spells: 6 memorised, 1 level left

rFire  . . .     SeeInvis .     e - +0 great mace
rCold  . . .     Clarity  .     a - +0 robe
rNeg   . . .     SustAb   .     (shield restricted)
rPois  .         Gourm    .     b - +0 hat
rElec  .         Spirit   .     g - +0 cloak
rCorr  .         Warding  .     (gloves unavailable)
rMut   .         Stasis   .     (boots unavailable)
MR     .....                    (no amulet)
Stlth  +.........               (no ring)
                                (no ring)

@: lethally poisoned, very slightly contaminated, hasted, very quick, not
resistant to hostile enchantments, very unstealthy
A: unfitting armour, tough skin 1
a: Renounce Religion


You were on level 3 of the Dungeon.
You worshipped Okawaru.
Okawaru was noncommittal.
You were not hungry.

You visited 1 branch of the dungeon, and saw 3 of its levels.

You collected 118 gold pieces.

Inventory:

Hand weapons
 e - a +0 great mace (weapon)
Armour
 a - a +0 robe (worn)
 b - a +0 hat (worn)
 g - a +0 cloak (worn)
Jewellery
 G - a cursed -2 ring of dexterity {unknown}
Scrolls
 f - a scroll of recharging {unknown}
 k - 2 scrolls of blinking {unknown}
 p - 2 scrolls of remove curse {unknown}
 s - a scroll of teleportation {unknown}
 t - 3 scrolls of identify {unknown}
 w - a scroll of noise {unknown}
 y - a scroll of amnesia {unknown}
 B - a scroll of enchant armour {unknown}
 F - a scroll of immolation {unknown}
Books
 c - a book of Minor Magic

   Spells                             Type                      Level
   a - Magic Dart                     Conjuration                  1
   b - Blink                          Translocation                2
   c - Call Imp                       Summoning                    2
   d - Repel Missiles                 Charms/Air                   2
   e - Slow                           Hexes                        2
   f - Conjure Flame                  Conjuration/Fire             3
   g - Mephitic Cloud                 Conjuration/Poison/Air       3
Comestibles
 d - 3 meat rations
 H - 3 chunks of flesh


   Skills:
 - Level 1.7 Dodging
 - Level 1.5 Stealth
 + Level 5.7 Spellcasting
 - Level 0.6 Conjurations
 - Level 0.6 Summonings
 - Level 0.6 Translocations


You had one spell level left.
You knew the following spells:

 Your Spells              Type           Power        Failure   Level  Hunger
a - Magic Dart            Conj           #...         12%         1    None
b - Call Imp              Summ           #.......     17%         2    #......
c - Mephitic Cloud        Conj/Pois/Air  #.......     38%         3    ##.....
d - Conjure Flame         Conj/Fire      #.......     38%         3    ##.....
e - Repel Missiles        Chrm/Air       #.....       24%         2    #......
f - Blink                 Tloc           N/A          17%         2    #......


Dungeon Overview and Level Annotations

Branches:
Dungeon (3/15)

Altars:
Gozag
Okawaru
Vehumet
Xom
The Shining One

Annotations:
D:3 Ijyb


Innate Abilities, Weirdness & Mutations

You are too large for most types of armour.
You have tough skin (AC +1).


Message History

The goblin hits your crimson imp with a club.
The kobold shoots a poisoned needle.
The poisoned needle barely misses you.
You feel sick.
* * * LOW HITPOINT WARNING * * *
You feel sick.
* * * LOW HITPOINT WARNING * * *
You feel sick. Something hits your crimson imp.
* * * LOW HITPOINT WARNING * * *
You feel sick.
Something barely misses your crimson imp.
* * * LOW HITPOINT WARNING * * *
You feel sick.
* * * LOW HITPOINT WARNING * * *
You feel sick.
Your crimson imp blinks!
There is an open door here.
* * * LOW HITPOINT WARNING * * *
You feel sick.
Your crimson imp blinks!
You die...

#.#.#####..####....#####..
#..........# #.###.#.##.#
###........# #5# #.#.##.#
#.....#######.###.#.##.#
#.....# #...........#
#.....# #...###....##
####### #...# #...##
###########ยง..###...#
#<.((K..g.'.@.......#
####g######...###...#
#.(## #...# #.#.# ##.K#
##### #.#.# 8.8.8.8gg#
#.#. ....ggg.# .g......#
g.......# .......#


You could see 2 goblins, a kobold and a friendly crimson imp.

Vanquished Creatures
  A gnoll (D:1)
  3 adders (D:2)
  An ooze (D:2)
  A giant gecko (D:2)
  2 giant cockroaches (D:1)
  4 goblins
  5 hobgoblins
  3 kobolds
  A ball python (D:1)
  6 bats
  A giant newt (D:1)
  6 rats
34 creatures vanquished.

Vanquished Creatures (collateral kills)
  2 adders (D:2)
  A giant cockroach (D:1)
  2 kobolds (D:2)
  A quokka (D:2)
  2 bats
  A giant newt (D:1)
  2 goblins
11 creatures vanquished.

Vanquished Creatures (others)
  A white imp (D:1)
1 creature vanquished.

Grand Total: 46 creatures vanquished

Notes
Turn   | Place    | Note
--------------------------------------------------------------
     0 | D:1      | myeffort, the Ogre Wizard, began the quest for the Orb.
     0 | D:1      | Reached XP level 1. HP: 16/16 MP: 4/4
    93 | D:1      | Reached skill level 4 in Spellcasting
   135 | D:1      | Reached XP level 2. HP: 24/24 MP: 1/7
   139 | D:1      | Learned a level 2 spell: Call Imp
   728 | D:1      | Reached XP level 3. HP: 27/31 MP: 3/10
   910 | D:2      | Reached skill level 5 in Spellcasting
  1289 | D:2      | Found a radiant altar of Vehumet.
  1318 | D:2      | Reached XP level 4. HP: 36/39 MP: 0/13
  1900 | D:3      | Learned a level 3 spell: Mephitic Cloud
  1904 | D:3      | Learned a level 3 spell: Conjure Flame
  1907 | D:3      | Learned a level 2 spell: Repel Missiles
  1910 | D:3      | Learned a level 2 spell: Blink
  1952 | D:3      | Found a shimmering altar of Xom.
  1955 | D:3      | Found an opulent altar of Gozag.
  1957 | D:3      | Found an iron altar of Okawaru.
  1961 | D:3      | Became a worshipper of Warmaster Okawaru
  2041 | D:3      | Found a glowing golden altar of the Shining One.
  2180 | D:3      | Noticed Ijyb
  2195 | D:3      | Succumbed to poison (a potion of poison)

Action                   |  1- 3 |  4- 6 || total
-------------------------+-------+-------++-------
Melee: Short sword       |    63 |    36 ||    99
       Great mace        |       |     3 ||     3
 Cast: Magic Dart        |    44 |     7 ||    51
       Call Imp          |    12 |     3 ||    15
  Use: Potion            |       |     2 ||     2
  Eat: Chunk             |     1 |     3 ||     4
